 Dungeon Crawl Stone Soup version 0.18.1-5-g4a78601 (webtiles) character file.

4 esc the Firebug (level 1, 0/11 HPs)
             Began as a Deep Elf Fire Elementalist on May 12, 2016.
             Slain by a kobold
             ... wielding a cursed -3 short sword
              (2 damage)
             ... on level 1 of the Dungeon.
             The game lasted 00:00:49 (71 turns).

esc the Firebug (Deep Elf Fire Elementalist)          Turns: 71, Time: 00:00:49

Health: 0/11       AC:  2    Str:  5    XL:     1   Next: 58%
Magic:  1/6        EV: 13    Int: 19    God:
Gold:   0          SH:  0    Dex: 15    Spells: 1 memorised, 5 levels left

rFire  . . .     SeeInvis .     (no weapon)
rCold  . . .     Gourm    .     a - +0 robe
rNeg   . . .     Faith    .     (no shield)
rPois  .         Spirit   .     (no helmet)
rElec  .         Dismiss  .     (no cloak)
rCorr  .         Reflect  .     (no gloves)
SustAt .         Harm     .     (no boots)
MR     .....                    (no amulet)
Stlth  ++........               (no ring)
                                (no ring)

@: not resistant to hostile enchantments, unstealthy
A: no striking features
a: no special abilities


You were on level 1 of the Dungeon.
You were not hungry.

You visited 1 branch of the dungeon, and saw 1 of its levels.

Inventory:

Armour
 a - a +0 robe (worn)
Books
 b - a book of Flames
Comestibles
 c - a bread ration {@e1}


   Skills:
 + Level 0.4 Fighting
 + Level 2.5 Dodging
 - Level 2.4 Stealth
 + Level 3.0 Spellcasting
 + Level 1.2 Conjurations
 + Level 3.4 Fire Magic


You had 5 spell levels left.
You knew the following spells:

 Your Spells              Type           Power        Failure   Level  Hunger
a - Flame Tongue          Conj/Fire      ##...        8%          1    None


Dungeon Overview and Level Annotations

Branches:
Dungeon (1/15)

Altars:


Message History

The goblin misses you.
A giant cockroach comes into view.
Aim: a goblin The flame tongue misses the goblin.
The goblin closely misses you.
You now have 4/6 mp.
Aim: a goblin The flame tongue hits the goblin.
You kill the goblin!
You now have 3/6 mp.
Aim: a giant newt The flame tongue hits the giant newt.
You kill the giant newt!
The bat hits you but does no damage.
You now have 2/6 mp.
Aim: a bat The flame tongue misses the bat.
The bat hits you but does no damage.
A kobold comes into view. It is wielding a short sword.
You now have 1/6 mp.
Aim: a bat You miscast Flame Tongue.
You are very lightly contaminated with residual magic.
The air around you burns with energy! The bat barely misses you.
The giant cockroach bites you.
You take 2 damage, and have 8/10 hp.
You now have 0/6 mp.
You don't have enough magic to cast that spell.
You don't have enough magic to cast that spell.
The bat hits you but does no damage. The bat closely misses you.
The bat barely misses you. The bat barely misses you.
The bat closely misses you. The bat closely misses you.
The giant cockroach closely misses you. The bat barely misses you.
The bat completely misses you.
Aim: a bat (black smoke, lava)
The flame tongue hits the bat.
The bat misses you.
You now have 0/6 mp.
You hit the giant cockroach but do no damage.
The bat hits you. The giant cockroach closely misses you.
You take 1 damage, and have 7/10 hp.
You hit the giant cockroach but do no damage.
The bat misses you. The giant cockroach barely misses you. The bat misses you.
You barely miss the giant cockroach. The bat barely misses you.
The giant cockroach barely misses you.
Aim: a bat (lava, severely wounded)
The flame tongue hits the bat.
You kill the bat!
The giant cockroach closely misses you. The giant cockroach misses you.
You now have 0/6 mp.
Your magical contamination has completely faded away.
The giant cockroach misses you. The giant cockroach bites you.
There is a staircase leading out of the dungeon here.
You take 1 damage, and have 8/11 hp.
You see here 19 sling bullets.
The kobold hits you but does no damage. The giant cockroach misses you.
Aim: a giant cockroach (clinging)
The flame tongue hits the giant cockroach.
The giant cockroach bites you but does no damage.
You now have 0/6 mp.
You barely miss the giant cockroach. The giant cockroach barely misses you.
You hit the giant cockroach. The giant cockroach bites you.
You take 1 damage, and have 7/11 hp.
You hit the giant cockroach but do no damage.
The giant cockroach barely misses you.
The giant cockroach bites you but does no damage.
You hit the giant cockroach but do no damage.
The giant cockroach completely misses you.
You hit the giant cockroach. The giant cockroach barely misses you.
Aim: a giant cockroach (black smoke, almost dead, clinging)
The flame tongue misses the giant cockroach.
The giant cockroach closely misses you.
You now have 0/6 mp.
You closely miss the giant cockroach. The giant cockroach bites you.
You take 1 damage, and have 6/11 hp.
You hit the giant cockroach but do no damage.
The giant cockroach bites you. The giant cockroach misses you.
You take 2 damage, and have 4/11 hp.
You barely miss the giant cockroach. The giant cockroach bites you.
* * * LOW HITPOINT WARNING * * *
You take 2 damage, and have 2/11 hp.
You aren't carrying any potions.
Unknown command.
Unknown command.
Why would you want to do that?
You swing at nothing.
The giant cockroach misses you. Why would you want to do that?
Unknown command.
Firing (i - inventory): No suitable missiles.
Aim: a giant cockroach (almost dead, clinging)
Okay, then.
Unknown command.
You hit the giant cockroach but do no damage.
The giant cockroach bites you but does no damage.
You aren't carrying any potions.
You hit the giant cockroach.
You kill the giant cockroach!
You hit the kobold but do no damage. The kobold hits you but does no damage.
The kobold hits you with a short sword.
You die...

#..(....#
#.......#
#.§§§§§.#
#.§§§≈..#
#§§≈≈≈≈.#
#†≈§$§≈.#
#.≈≈>≈≈.#
#.≈§!≈≈.#
#.§≈§≈§@#
#.§§§≈K.#
#..§§...##
#.........###
#.............#
#.............#
......#....###.#
....##....#.#
#†# ....
####.... ...


You could see a kobold.

Vanquished Creatures
  A bat (D:1)
  A giant cockroach (D:1)
  A goblin (D:1)
  A giant newt (D:1)
4 creatures vanquished.

Notes
Turn   | Place    | Note
--------------------------------------------------------------
     0 | D:1      | esc the Deep Elf Fire Elementalist began the quest for the Orb.
     0 | D:1      | Reached XP level 1. HP: 10/10 MP: 6/6
    58 | D:1      | HP: 2/11 [giant cockroach (2)]
    71 | D:1      | Slain by a kobold

Action                   || total
-------------------------++-------
Melee: Unarmed           ||    14
 Cast: Flame Tongue      ||     9
Armor: Robe              ||     6
Dodge: Dodged            ||    29

Vault maps used:
D:1:      lemuel_arrival_lava_pool

Table legend:
 A = Turns spent in this place as a percentage of turns spent in the entire game.
 B = Non-inter-level travel turns spent in this place as a percentage of non-inter-level travel turns spent in the entire game.
 C = Inter-level travel turns spent in this place as a percentage of turns spent in this place.
 D = Turns resting spent in this place as a percentage of non-inter-level travel turns spent in this place.
 E = Turns spent auto-exploring this place as a percentage of non-inter-level travel turns spent in this place.
 F = Non-inter-level travel turns spent in this place divided by the number of levels of this place that you've seen.
                   A       B       C       D       E      F
               +-------+-------+-------+-------+-------+----------------------
         Total | 100.0 | 100.0 |   0.0 |   0.0 |   1.3 |  75.0
       Dungeon | 100.0 | 100.0 |   0.0 |   0.0 |   1.3 |  75.0
               +-------+-------+-------+-------+-------+----------------------

Table legend:
 A = Kills in this place as a percentage of kills in entire the game.
 B = Kills by you in this place as a percentage of kills by you in the entire game.
 C = Kills by friends in this place as a percentage of kills by friends in the entire game.
 D = Other kills in this place as a percentage of other kills in the entire game.
 E = Experience gained in this place as a percentage of experience gained in the entire game.
 F = Experience gained in this place divided by the number of levels of this place that you have seen.
                   A       B       C       D       E      F
               +-------+-------+-------+-------+-------+----------------------
         Total | 100.0 | 100.0 |  -nan |  -nan | 100.0 |   7.0
       Dungeon | 100.0 | 100.0 |  -nan |  -nan | 100.0 |   7.0
               +-------+-------+-------+-------+-------+----------------------
